 Dungeon Crawl Stone Soup version 0.28.0-45-g0d030f2227 (webtiles) character file.

Game seed: 2836844441433273925

88704 nickcage the Peltast (level 15, 0/139 HPs)
             Began as a Minotaur Abyssal Knight on Apr 12, 2022.
             Was the Champion of Lugonu.
             Killed from afar by a deep elf zephyrmancer (27 damage)
             ... with a bolt of lightning
             ... on level 1 of the Elven Halls.
             The game lasted 01:30:49 (34732 turns).

nickcage the Peltast (Minotaur Abyssal Knight)     Turns: 34732, Time: 01:30:50

Health: 0/139      AC: 28    Str: 27    XL:     15   Next: 47%
Magic:  19/19      EV:  7    Int:  7    God:    Lugonu [******]
Gold:   1149       SH: 26    Dex: 19    Spells: 14/14 levels left

rFire   . . .      SeeInvis .   P - +6 mace of Ress {venom, Str+3 Dex+4}
rCold   + . .      Faith    .   f - +0 tower shield
rNeg    . . .      Spirit   .   w - +1 plate armour {rPois}
rPois   +          Reflect  +   M - +1 hat
rElec   .          Harm     .   u - +0 cloak
rCorr   .          Rampage  .   t - +1 pair of gloves {Dex+3}
Will    +....                   (no boots)
Stlth   ..........              c - amulet of reflection
HPRegen 0.33/turn               o - ring of protection from cold
MPRegen 0.16/turn               H - +4 ring of protection

@: hasted, very quick
A: horns 2, retaliatory headbutt
a: Renounce Religion, Depart the Abyss, Bend Space, Banish, Corrupt, Enter the
Abyss, Brand Weapon With Distortion


You were on level 1 of the Elven Halls.
You worshipped Lugonu.
Lugonu was exalted by your worship.
You visited 4 branches of the dungeon, and saw 23 of its levels.
You visited the Abyss 1 time.

You collected 2363 gold pieces.
You spent 1214 gold pieces at shops.

Inventory:

Hand Weapons
 E - a +3 morningstar of freezing
 P - the +6 mace of Ress (weapon) {venom, Str+3 Dex+4}
   (You found it on level 3 of the Lair of Beasts)

   It poisons the flesh of those it strikes.
   Str:       It affects your strength (+3).
   Dex:       It affects your dexterity (+4).
 S - the +8 demon blade "Leech" {vamp, Harm Drain rN+}
   (You found it on level 4 of the Lair of Beasts)

   It heals its wielder for a portion of the damage dealt every time it strikes
   a living foe.
   rN:        It protects you from negative energy.
   Drain:     It drains your maximum health when unequipped.
   Harm:      It increases damage dealt and taken.
Missiles
 s - 26 poisoned darts (quivered)
Armour
 f - a +0 tower shield (worn)
 t - a +1 pair of gloves of dexterity (worn)
 u - a +0 cloak (worn)
 w - a +1 plate armour of poison resistance (worn)
 y - a +0 plate armour of fire resistance
 M - a +1 hat (worn)
Jewellery
 c - an amulet of reflection (around neck)
 g - a +4 ring of evasion
 o - a ring of protection from cold (left hand)
 v - a +4 ring of evasion
 H - a +4 ring of protection (right hand)
 W - a ring of flight
Wands
 j - a wand of charming (17)
 q - a wand of iceblast (12)
 x - a wand of digging (6)
 A - a wand of flame (78)
 D - a wand of acid (4)
 Q - a wand of polymorph (4)
Scrolls
 a - 5 scrolls of identify
 h - 5 scrolls of teleportation
 n - a scroll of summoning
 z - a scroll of fog
 G - 3 scrolls of amnesia
 J - 2 scrolls of holy word
 R - 4 scrolls of fear
 V - a scroll of blinking
Potions
 b - 2 potions of might
 d - 5 potions of lignification
 i - a potion of resistance
 k - 2 potions of brilliance
 l - 11 potions of curing
 m - 5 potions of attraction
 p - a potion of berserk rage
 r - 4 potions of mutation
 B - 2 potions of flight
 F - 4 potions of haste
 O - 2 potions of magic
 X - 2 potions of ambrosia
Miscellaneous
 L - a piece from Xom's chessboard (15/15)
 N - a phial of floods


   Skills:
 * Level 14.7 Fighting
 - Level 16.0 Maces & Flails
 - Level 1.0 Throwing
 + Level 17.2 Armour
 - Level 1.1 Dodging
 - Level 17.4 Shields
 - Level 7.0 Invocations


You had 14 spell levels left.
You didn't know any spells.
Your spell library contained the following spells:

 Spells                   Type           Power      Damage    Failure   Level
 Animate Skeleton         Necr           0%         N/A       100%        1
 Apportation              Tloc           0%         N/A       100%        1
 Beastly Appendage        Tmut           0%         N/A       100%        1
 Freeze                   Ice            0%         1d3       100%        1
 Pain                     Necr           0%         1d4       100%        1
 Sting                    Tmut/Pois      0%         1d3       100%        1
 Poisonous Vapours        Pois/Air       0%         N/A       100%        2
 Scorch                   Fire           0%         2d5       100%        2
 Wereblood                Tmut           0%         N/A       100%        2
 Frozen Ramparts          Ice            0%         1d2       100%        3
 Inner Flame              Hex/Fire       0%         N/A       100%        3
 Mephitic Cloud           Conj/Pois/Air  0%         N/A       100%        3
 Ozocubu's Armour         Ice            0%         N/A       100%        3
 Spider Form              Tmut/Pois      0%         N/A       100%        3
 Vampiric Draining        Necr           0%         2d6       100%        3
 Animate Armour           Summ/Erth      0%         N/A       100%        4
 Cause Fear               Hex            0%         N/A       100%        4
 Flame Wave               Conj/Fire      0%         2d4       100%        4
 Hailstorm                Conj/Ice       0%         3d3       100%        4
 Ice Form                 Ice/Tmut       0%         N/A       100%        4
 Olgreb's Toxic Radiance  Pois           0%         N/A       100%        4
 Summon Ice Beast         Ice/Summ       0%         N/A       100%        4
 Alistair's Intoxication  Tmut/Pois      0%         N/A       100%        5
 Blade Hands              Tmut           0%         N/A       100%        5
 Borgnjor's Vile Clutch   Necr/Erth      0%         N/A       100%        5
 Summon Forest            Summ/Tloc      0%         N/A       100%        5
 Eringya's Noxious Bog    Tmut/Pois      0%         N/A       100%        6
 Iron Shot                Conj/Erth      0%         9d1       100%        6
 Summon Cactus Giant      Summ           0%         N/A       100%        6
 Ozocubu's Refrigeration  Ice            0%         4d5       100%        7
 Summon Hydra             Summ           0%         N/A       100%        7
 Discord                  Hex            0%         N/A       100%        8
 Lehudib's Crystal Spear  Conj/Erth      0%         10d2      100%        8


Dungeon Overview and Level Annotations

Branches:
Dungeon (14/15)            Temple (0/1) D:5            Lair (6/6) D:8
 Shoals (0/4) Lair:3       Spider (0/4) Lair:2        Slime (0/5) Lair:5
    Orc (2/2) D:12            Elf (1/3) Orc:2
 Vaults: D:13-14

Altars:
Gozag
Kikubaaqudgha
Nemelex Xobeh
Ru
Sif Muna
Trog
Wu Jian
Xom
Yredelemnul
The Shining One
Beogh

Shops:
D:5 [   D:6 *   D:11 *   Orc:1 **   Orc:2 (:[*

Portals:
Trove: D:12 (give 13 scrolls of teleportation)

Annotations:
Lair:6 exclusion: obsidian statue


Innate Abilities, Weirdness & Mutations

You have a pair of horns on your head.
You reflexively headbutt those who attack you in melee.


Message History

Okay, then.
Found a stone staircase leading down.
The sixfirhy is engulfed in blazing flames.
Found 5 poisoned darts.
The sixfirhy is engulfed in blazing flames.
The water elemental is engulfed in blazing flames.
Found a potion of berserk rage.
The sixfirhy is engulfed in blazing flames. x4
The water elemental is engulfed in blazing flames.
There is a fountain of clear blue water here.
You hit the +1 hand axe of flaming.
You headbutt the +1 hand axe of flaming.
The +1 hand axe of flaming is moderately damaged.
The sixfirhy is engulfed in blazing flames. x3
You block the +1 hand axe of flaming's attack.
The sixfirhy is engulfed in blazing flames.
The water elemental is engulfed in blazing flames.
The water elemental is destroyed!
You closely miss the +1 hand axe of flaming.
Your headbutt misses the +1 hand axe of flaming.
The +1 hand axe of flaming is moderately damaged.
You block the +1 hand axe of flaming's attack.
Blink to where?
Press: ? - help, Dir - move target Really blink into that cloud of flame?
As you read the scroll of blinking, it crumbles to dust.
You are engulfed in blazing flames.
* * * LOW HITPOINT WARNING * * *
You block the sixfirhy's attack. You block the fire elemental's attack.
You are engulfed in blazing flames.
* * * LOW HITPOINT WARNING * * *
The sixfirhy closely misses you. You furiously retaliate!
You headbutt the sixfirhy. The sixfirhy barely misses you.
The sixfirhy closely misses you.
The deep elf pyromancer mumbles some strange words.
The deep elf pyromancer blinks!
You block the fire elemental's attack.
The deep elf zephyrmancer is engulfed in blazing flames.
The deep elf zephyrmancer casts a spell at you.
The bolt of lightning hits you!!
You die...

#.....# #.....# ...
#..⌠..# ... #..e..#
!... ##..35.##
.....
######e########....
...#.....#○.....#
...#..)3e#E○...#
⌠..'..e@E(E.§..#
...#...§E#...).#
...#....°#......#
######)########..>(
##.....## .#.#
#.....# # # #..⌠..#
#.....#


You could see a deep elf demonologist, 2 deep elf pyromancers, a deep elf
zephyrmancer, a sixfirhy (summoned), 4 fire elementals, a ynoxinul (summoned), a
+1 hand axe of flaming and an ufetubus (summoned).

Vanquished Creatures
  Frances (D:11)
  Gastronok (Lair:1)
  A storm dragon (D:12)
  An orc warlord (D:12)
  6 dire elephants (Lair:6)
  A deep elf high priest (D:12)
  A boulder beetle (Lair:4)
  The ghost of dualclasshuman the Eclecticist, a journeyman DjFE of Makhleb (Orc:2)
  9 hydras
  The ghost of NinjaNoafa the Magician, a journeyman DrEE of Hepliaklqana (D:11)
  An ogre mage (D:12)
  Erica (D:10)
  A catoblepas (Lair:6)
  A death knight (D:12)
  3 centaur warriors
  4 two-headed ogres
  A deep troll earth mage (D:12)
  3 death yaks
  5 orc high priests
  A deep elf knight (Elf:1)
  A sea snake (shapeshifter) (D:12)
  6 orc knights
  A deep elf zephyrmancer (Elf:1)
  A lindwurm (Lair:6)
  4 necromancers (Lair:6)
  2 deep elf pyromancers (Elf:1)
  A cyclops (D:13)
  An ugly thing (D:13)
  4 orc sorcerers
  A dire elephant zombie (Lair:6)
  6 elephants (Lair:6)
  Joseph (D:10)
  4 black mambas
  2 gargoyles
  A dire elephant skeleton (Lair:6)
  12 cane toads
  Maurice (D:9)
  3 torpor snails
  An unseen horror (D:12)
  Maggie (D:7)
  An efreet (D:12)
  A rime drake (Lair:3)
  18 komodo dragons
  A kobold demonologist (D:9)
  2 ice devils (D:13)
  9 trolls
  A troll (shapeshifter) (D:13)
  2 spectral elephants (Lair:6)
  19 dream sheep
  3 hornets
  13 blink frogs
  6 slime creatures
  Prince Ribbit (D:5)
  3 jumping spiders (Lair:2)
  A culicivora (Lair:2)
  3 shadows
  A centaur simulacrum (D:12)
  2 wraiths
  50 yaks
  4 fire bats (Lair:5)
  5 wyverns
  A dire elephant simulacrum (Lair:6)
  2 basilisks
  A fire elemental (Elf:1)
  Grum (D:9)
  A death yak simulacrum (Lair:6)
  4 redbacks (Lair:2)
  8 vampire mosquitoes
  3 wargs
  2 spectral cane toads (Lair:6)
  An acid dragon (D:11)
  Duvessa (D:6)
  15 water moccasins
  A black bear (D:6)
  A sky beast (D:7)
  2 ice beasts
  A necrophage (D:6)
  31 orc warriors
  13 centaurs
  4 ogres
  14 wolves
  3 kobold brigands
  14 bullfrogs
  A wyvern zombie (D:8)
  3 scorpions
  2 cane toad simulacra (Lair:6)
  A water moccasin skeleton (D:6)
  Dowan (D:6)
  An elephant simulacrum (Lair:6)
  14 wights
  4 electric eels
  5 centaur zombies
  14 orc priests
  5 hounds
  4 jellies
  2 centaur skeletons (D:7)
  A gnoll shaman (D:6)
  5 iguanas
  18 orc wizards
  A killer bee zombie (D:6)
  2 hound zombies (D:5)
  A hound skeleton (D:5)
  2 howler monkey zombies
  8 adders
  18 gnolls
  2 howler monkey skeletons
  2 shadow imps
  2 ufetubi
  A dart slug (D:1)
  69 orcs
  5 ball pythons
  10 bats
  4 endoplasms
  3 giant cockroaches
  6 hobgoblins
  13 jackals
  2 quokkas (D:2)
  2 frilled lizards
  7 goblins
  19 kobolds
  6 rats
634 creatures vanquished.

Vanquished Creatures (others)
  A deep elf pyromancer (Elf:1)
  A water elemental (Elf:1)
  A white imp (D:7)
  A kobold (D:10)
  28 fungi
  56 plants
  23 withered plants (Lair:6)
111 creatures vanquished.

Grand Total: 745 creatures vanquished

Notes
Turn   | Place    | Note
-------+----------+-------------------------------------------
     0 | Abyss:1  | nickcage the Minotaur Abyssal Knight began the quest for
                  | the Orb.
     0 | Abyss:1  | Reached XP level 1. HP: 19/19 MP: 1/1
    80 | D:1      | Escaped the Abyss
   317 | D:1      | Reached * piety under Lugonu
   318 | D:1      | Reached XP level 2. HP: 26/26 MP: 2/2
   759 | D:1      | Reached skill level 1 in Shields
  1129 | D:2      | Found a faded altar of an unknown god.
  1143 | D:2      | Reached XP level 3. HP: 31/31 MP: 3/3
  1432 | D:2      | Reached XP level 4. HP: 39/39 MP: 4/4
  1643 | D:2      | Reached ** piety under Lugonu
  1644 | D:2      | Reached skill level 5 in Maces & Flails
  1997 | D:2      | Reached XP level 5. HP: 45/45 MP: 5/5
  2689 | D:3      | Found a sacrificial altar of Ru.
  2990 | D:3      | Found an ancient bone altar of Kikubaaqudgha.
  3420 | D:4      | Reached XP level 6. HP: 7/51 MP: 6/6
  3825 | D:4      | Found a sparkling altar of Nemelex Xobeh.
  3951 | D:4      | Found an ornate altar of the Wu Jian Council.
  4787 | D:5      | Entered Level 5 of the Dungeon
  4792 | D:4      | Reached XP level 7. HP: 57/57 MP: 7/7
  4796 | D:5      | Reached *** piety under Lugonu
  5061 | D:5      | Found a staircase to the Ecumenical Temple.
  5161 | D:5      | Found Biuvoi's Armour Boutique.
  5265 | D:5      | Bought a +0 pair of gloves for 63 gold pieces
  5276 | D:5      | Found a transporter.
  5288 | D:5      | Identified the +5 dagger of Jesorij {vorpal, rF+ Int+4
                  | Dex+3}
  5335 | D:5      | Noticed a kobold demonologist
  5376 | D:5      | Identified the +1 leather armour "Kaephiec" {rElec rC+
                  | Str-2 Int+7}
  5426 | D:5      | Noticed Prince Ribbit
  5455 | D:5      | Killed Prince Ribbit
  5456 | D:5      | Reached skill level 10 in Maces & Flails
  5756 | D:5      | Found a transporter.
  5897 | D:5      | Found a glowing golden altar of the Shining One.
  6096 | D:6      | Reached XP level 8. HP: 53/64 MP: 8/8
  6671 | D:6      | Reached skill level 1 in Throwing
  6896 | D:6      | Found Zumeybia's General Store.
  6904 | D:6      | Bought a scroll of identify for 28 gold pieces
  6964 | D:6      | Noticed Dowan
  6965 | D:6      | Noticed Duvessa
  6976 | D:6      | Killed Duvessa
  7245 | D:6      | Killed Dowan
  7588 | D:6      | Reached XP level 9. HP: 55/70 MP: 9/9
  7910 | D:6      | Found a shimmering altar of Xom.
  8006 | D:7      | Noticed Maggie
  8017 | D:7      | Killed Maggie
  8523 | D:7      | Reached skill level 5 in Shields
  8909 | D:7      | Reached **** piety under Lugonu
  9415 | D:8      | Noticed a troll
  9434 | D:8      | Killed a troll
  9461 | D:8      | Reached skill level 5 in Armour
  9461 | D:8      | Reached XP level 10. HP: 22/80 MP: 10/10
  9544 | D:7      | Reached skill level 5 in Fighting
 10045 | D:8      | Found a bloodstained altar of Trog.
 10059 | D:8      | Found a basalt altar of Yredelemnul.
 10189 | D:8      | Found a staircase to the Lair.
 10501 | D:8      | HP: 1/86 [electric eel/bolt of electricity (5)]
 11676 | D:9      | Noticed a two-headed ogre
 11679 | D:9      | Killed a two-headed ogre
 11847 | D:9      | Noticed Grum
 11856 | D:9      | Killed Grum
 11883 | D:9      | Reached skill level 15 in Maces & Flails
 11888 | D:9      | Noticed Maurice
 11898 | D:9      | Killed Maurice
 12171 | D:9      | Paralysed by a hornet for 1 turns
 12173 | D:9      | Reached skill level 10 in Fighting
 12233 | D:9      | Reached XP level 11. HP: 94/99 MP: 11/11
 12627 | D:10     | Entered Level 10 of the Dungeon
 12834 | D:10     | Reached ***** piety under Lugonu
 13125 | D:10     | Noticed Joseph
 13139 | D:10     | Killed Joseph
 13499 | D:10     | Noticed Erica
 13508 | D:10     | Killed Erica
 14563 | Lair:1   | Entered Level 1 of the Lair of Beasts
 15104 | Lair:1   | Noticed Gastronok
 15137 | Lair:1   | Killed Gastronok
 16684 | Lair:2   | Reached XP level 12. HP: 110/110 MP: 12/12
 16715 | Lair:2   | Found a shimmering blue altar of Sif Muna.
 16899 | Lair:2   | Found a hole to the Spider Nest.
 16919 | Lair:2   | Reached skill level 10 in Shields
 17311 | Lair:2   | Reached skill level 10 in Armour
 17770 | Lair:2   | Noticed a seven-headed hydra
 17786 | Lair:2   | Killed a seven-headed hydra
 18373 | Lair:2   | Got the Reference Book on Contamination and Earth
 19080 | Lair:3   | Noticed a six-headed hydra
 19089 | Lair:3   | Killed a six-headed hydra
 19290 | Lair:3   | Identified the +6 mace of Ress {venom, Str+3 Dex+4}
 19570 | Lair:3   | Found a staircase to the Shoals.
 19605 | Lair:3   | You fall into a shaft and drop 1 floor!
 19789 | Lair:3   | Reached XP level 13. HP: 106/119 MP: 14/14
 20340 | Lair:4   | Found the +8 demon blade "Leech" {vamp, Harm Drain rN+}
 20378 | Lair:4   | Reached ****** piety under Lugonu
 21256 | Lair:5   | Found a runed translucent door.
 21928 | Lair:5   | Found a staircase to the Slime Pits.
 22968 | Lair:6   | Entered Level 6 of the Lair of Beasts
 23556 | Lair:6   | Reached skill level 5 in Invocations
 24086 | Lair:6   | Reached XP level 14. HP: 46/127 MP: 16/16
 24524 | Lair:6   | Reached skill level 15 in Shields
 25067 | Lair:6   | Reached skill level 15 in Armour
 27079 | D:11     | Found a runed translucent gate.
 27080 | D:11     | Found a runed translucent gate.
 27080 | D:11     | Found a runed translucent gate.
 27080 | D:11     | Found an opulent altar of Gozag.
 27083 | D:11     | Noticed NinjaNoafa's ghost (journeyman DrEE)
 27084 | D:11     | Found Houtaomn's Assorted Antiques.
 27106 | D:11     | Killed NinjaNoafa's ghost
 27218 | D:11     | Bought a potion of might for 152 gold pieces
 27586 | D:12     | Noticed Frances
 27626 | D:11     | Killed Frances
 27990 | D:12     | Found a staircase to the Orcish Mines.
 28111 | D:12     | Noticed a storm dragon
 28498 | D:12     | Killed a storm dragon
 28798 | D:12     | Found a portal to a secret trove of treasure.
 29716 | D:13     | Identified the +1 war axe of the Muttering Seeker {drain,
                  | *Slow Fly rF+}
 29910 | D:13     | Reached XP level 15. HP: 131/134 MP: 19/19
 30971 | D:14     | Noticed a tengu reaver
 30971 | D:14     | Noticed a fire giant
 30998 | D:13     | HP: 4/125 [tengu reaver/bolt of negative energy (9)]
 31455 | Orc:1    | Entered Level 1 of the Orcish Mines
 31912 | Orc:1    | Noticed an orc warlord
 32093 | D:12     | Killed an orc warlord
 32434 | Orc:1    | Found Ockiobam's Assorted Antiques.
 32451 | Orc:1    | Bought a potion of berserk rage for 160 gold pieces
 32640 | Orc:1    | Found Neidodan's Assorted Antiques.
 32695 | Orc:2    | Entered Level 2 of the Orcish Mines
 32825 | Orc:2    | Found a staircase to the Elven Halls.
 33598 | Orc:2    | Paralysed by an orc sorcerer for 2 turns
 34338 | Orc:2    | Paralysed by an orc sorcerer for 4 turns
 34382 | Orc:2    | Found Ynejyn's Antique Armour Shop.
 34382 | Orc:2    | Found Hasmac's Assorted Antiques.
 34384 | Orc:2    | Found Foahad's Book Shoppe.
 34384 | Orc:2    | Found Cym Nisess's Weapon Shop.
 34395 | Orc:2    | Bought a pair of glowing gloves for 187 gold pieces
 34410 | Orc:2    | Bought a shiny plate armour for 624 gold pieces
 34479 | Orc:2    | Found a runed translucent door.
 34506 | Orc:2    | Noticed dualclasshuman's ghost (journeyman DjFE)
 34527 | Orc:2    | Killed dualclasshuman's ghost
 34701 | Elf:1    | Entered Level 1 of the Elven Halls
 34732 | Elf:1    | Killed from afar by a deep elf zephyrmancer

Illustrated notes

Levels and vault maps discovered:
D:1:      amcnicky_arrival_feature_with_door, layout_loops_ring
D:2:      layout_basic, hellmonk_ecumenical_altar_run_dry,
          hangedman_decor_peaks_small
D:3:      layout_loops_ring, nicolae_ru_awakened_eye, general_overflow_altar
D:4:      layout_basic, nzn_wu_jian_contemplation, nemelex_diamond_rough_becter
D:5:      gammafunk_wand_slinger, layout_loops_ring, tso_oasis_becter,
          temple_pool_b, serial_shops, shop, uniq_prince_ribbit1
D:6:      layout_basic, kennysheep_mini_moat, serial_shops,
          nicolae_shop_statue_plus, uniq_duvessa
D:7:      layout_basic, kennysheep_generic_room_2, uniq_maggie
D:8:      layout_layer_cave, lemuel_doored_altar, yredelemnul_altar_generic,
          erik_lair_island
D:9:      layout_gridville, uniq_maurice, uniq_grum
D:10:     layout_irregular_city, kennysheep_dice, uniq_joseph, uniq_erica
D:11:     layout_small_grid, ebering_ghost_gozag
D:12:     minmay_textured_paths, layout_rooms, orc_0_dummy,
          trove_entry_hex_spiral, uniq_frances
D:13:     layout_layer_cave, portal_ice_cave_demonic_guard
D:14:     layout_roguey, david_vaults_1, grunt_decor_mini_mirrors,
          hangedman_glass_teeth, nicolae_rejected_hall
Lair:1:   layout_concentric_octagons, lemuel_fruit_tree, serial_bayou_shore_b,
          grunt_megastairs_1, uniq_gastronok
Lair:2:   layout_chaotic_city, nicolae_spider_entry_tight_spaces,
          minmay_stone_trees_small, lemuel_centaur_altar
Lair:3:   layout_gridlike, minmay_shoals_entry_centaurs, grunt_megastairs_3
Lair:4:   layout_small_grid, small_statue_intersection,
          dreamdust_deal_with_the_devil
Lair:5:   layout_gridlike, minmay_slime_entry_pillars, serial_bayou,
          serial_bayou_lagoon_a, serial_bayou_pond_e, serial_bayou_lake_a,
          serial_bayou_pond_e, pf_torpor_hydra
Lair:6:   due_jungle_book, layout_loops_ring, grunt_megastairs_2
Orc:1:    layout_caves, basic_altar, serial_shops, shop_coins,
          nicolae_shop_waterfront, lightli_orcish_oven
Orc:2:    grunt_orc_tribal_feast, layout_caves, ebering_ghost_reflecting_pool
Elf:1:    minmay_elf_arrival_plus, layout_loops_cross,
          kennysheep_underground_church

Skill      XL: |  1  2  3  4  5  6  7  8  9 10 11 12 13 14 15 |
---------------+----------------------------------------------+-----
Maces & Flails | 3 4 5 6 8 10 13 14 15 16 | 16.0
Shields        | 1 2 3 4 7 9 12 14 17 | 17.4
Throwing       | 1 |  1.0
Armour         | 5 9 12 14 16 17 | 17.2
Fighting       | 4 10 11 12 14 | 14.7
Invocations    | 2 5 7 |  7.0
Dodging        | |  1.1

Action                   |  1- 3 |  4- 6 |  7- 9 | 10-12 | 13-15 || total
-------------------------+-------+-------+-------+-------+-------++-------
Melee: Mace              |    71 |   211 |   303 |   175 |  1374 ||  2134
       Headbutt          |     3 |    32 |    59 |   140 |   426 ||   660
       Dagger            |       |       |     9 |       |       ||     9
       Morningstar       |       |       |       |   455 |       ||   455
Throw: Boomerang         |       |       |     8 |       |       ||     8
       Dart              |       |       |     2 |    16 |    31 ||    49
Invok: Depart the Abyss  |     1 |       |       |       |       ||     1
  Use: Scroll            |       |       |    13 |    10 |    10 ||    33
       Potion            |       |       |     1 |     3 |     6 ||    10
Armor: Leather armour    |     8 |       |       |       |       ||     8
       Ring mail         |     6 |    46 |    37 |       |       ||    89
       Chain mail        |       |       |    73 |       |       ||    73
       Plate armour      |       |       |    15 |   179 |   482 ||   676
Dodge: Dodged            |    29 |    26 |    53 |    51 |   249 ||   408
Block: Other             |    13 |       |       |       |       ||    13
       Tower shield      |    40 |   178 |   328 |   633 |  1612 ||  2791
       Reflection        |       |     2 |     9 |    30 |    25 ||    66
